 Dungeon Crawl Stone Soup version 0.26.1-11-gd32895ea62 (webtiles) character file.

Game seed: 16278623899354977272

149 moonlapse the Chopper (level 5, 0/42 HPs)
             Began as a Draconian Brigand on Apr 12, 2021.
             Succumbed to an adder's poison
             ... on level 3 of the Dungeon.
             The game lasted 00:04:59 (2963 turns).

moonlapse the Chopper (Draconian Brigand)           Turns: 2963, Time: 00:05:00

Health: 0/42       AC:  6    Str: 13    XL:     5   Next: 9%
Magic:  5/5        EV: 11    Int: 12    God:
Gold:   145        SH:  0    Dex: 13    Spells: 4/4 levels left

rFire    . . .     SeeInvis .   l - +2 flail (protect)
rCold    . . .     Faith    .   (no shield)
rNeg     . . .     Spirit   .   (armour unavailable)
rPois    .         Reflect  .   (helmet restricted)
rElec    .         Harm     .   b - +0 cloak
rCorr    .         Rampage  .   (no gloves)
Will     .....                  (no boots)
Stlth    ++........             (no amulet)
HPRegen  0.14/turn              (no ring)
MPRegen  0.09/turn              (no ring)

@: lethally poisoned (0 -> -4), flying
A: unfitting armour, cold-blooded, AC +5
a: no special abilities


You were on level 3 of the Dungeon.
You visited 1 branch of the dungeon, and saw 3 of its levels.

You collected 145 gold pieces.


Innate Abilities, Weirdness & Mutations

Your plain brown scales are hard. (AC +5)
You cannot fit into any form of body armour.
You are cold-blooded and may be slowed by cold attacks.


   Skills:
 - Level 2.5 Fighting
 - Level 2.0 Short Blades
 + Level 4.6 Axes
 - Level 1.7 Throwing
 - Level 0.8 Dodging
 - Level 3.6 Stealth


You had 4 spell levels left.
You didn't know any spells.
Your spell library was empty.

Inventory:

Hand Weapons
 l - a +2 flail of protection (weapon)
Missiles
 c - 8 poisoned darts (quivered)
 d - 2 curare-tipped darts {=f}
Armour
 b - a +0 cloak (worn)
Scrolls
 a - a scroll of amnesia
 e - 5 scrolls of identify {@r1}
 g - a scroll of teleportation {@r4}
 i - a scroll of remove curse {@r2}
 j - a scroll of enchant armour {unknown}

Dungeon Overview and Level Annotations

Branches:
Dungeon (3/15)

Altars:
Okawaru

#.# #.#
#.# #.#
#)# #.#
#.# #.#
#@# #.#
#.#
#######†#
........#
.########


There were no monsters in sight!


Message History

The adder is almost dead.
The adder bites you.
* * * LOW HITPOINT WARNING * * *
You are lethally poisoned!
The adder poisons you! The adder closely misses you.
You miss the adder.
The adder is almost dead.
* * * LOW HITPOINT WARNING * * *
You feel sick. The adder barely misses you. The adder completely misses you.
You barely miss the adder.
The adder is almost dead.
* * * LOW HITPOINT WARNING * * *
You feel sick. The adder bites you but does no damage.
You barely miss the adder.
Your tail-slap misses the adder.
The adder is almost dead.
* * * LOW HITPOINT WARNING * * *
You feel sick. The adder barely misses you.
The adder bites you but does no damage.
You sock the adder!
Your weapon exudes an aura of protection.
You kill the adder!
* * * LOW HITPOINT WARNING * * *
You feel sick.
You see here an adder corpse.
* * * LOW HITPOINT WARNING * * *
You feel sick.
You see here an adder corpse.
* * * LOW HITPOINT WARNING * * *
You feel sick.
You die...

Skill      XL: |  1  2  3  4 |
---------------+-------------+-----
Axes           | 1 2 3 4 |  4.6
Fighting       | |  2.5
Short Blades   | |  2.0
Throwing       | |  1.7
Dodging        | |  0.8
Stealth        | |  3.6

Action                   |  1- 3 |  4- 6 || total
-------------------------+-------+-------++-------
Melee: Hand axe          |   103 |       ||   103
       Dagger            |     4 |       ||     4
       Tailslap          |    12 |     5 ||    17
       Whip              |       |    71 ||    71
       Flail             |       |    21 ||    21
  Use: Scroll            |     4 |       ||     4
       Potion            |       |     1 ||     1
 Stab: Sleeping          |     6 |     4 ||    10
Armor: Skin              |    48 |    32 ||    80
Dodge: Dodged            |    69 |    33 ||   102

Levels and vault maps discovered:
D:1:      lightli_arrival_noodles, layout_basic, serial_rivers,
          chequers_serial_rivers_micro_a, chequers_serial_rivers_small_b,
          chequers_serial_rivers_micro_d, chequers_serial_rivers_micro_e,
          minmay_misc_feat_square
D:2:      layout_rooms, serial_bayou, serial_bayou_pond_b, serial_bayou_pond_b,
          serial_bayou_crossing, serial_bayou_shore_a, minmay_tetromino_i2
D:3:      layout_basic, okawaru_metal_pillars_1_2

Notes
Turn   | Place    | Note
-------+----------+-------------------------------------------
     0 | D:1      | moonlapse the Draconian Brigand began the quest for the
                  | Orb.
     0 | D:1      | Reached XP level 1. HP: 17/17 MP: 1/1
   155 | D:1      | Reached skill level 1 in Axes
   363 | D:1      | Reached XP level 2. HP: 25/25 MP: 2/2
   630 | D:1      | Reached skill level 2 in Axes
   740 | D:1      | Reached XP level 3. HP: 28/30 MP: 3/3
  1224 | D:2      | Reached skill level 3 in Axes
  1556 | D:2      | Reached XP level 4. HP: 37/37 MP: 4/4
  2455 | D:3      | Reached skill level 4 in Axes
  2465 | D:3      | Found an iron altar of Okawaru.
  2754 | D:3      | Reached XP level 5. HP: 21/42 MP: 5/5
  2955 | D:3      | HP: 4/42 [poisoned by an adder]
  2959 | D:3      | HP: 1/42 [poisoned by an adder]
  2963 | D:3      | Succumbed to an adder's poison

Vanquished Creatures
  4 gnolls
  5 adders
  2 oozes
  2 worms
  4 leopard geckos
  A ball python (D:2)
  3 giant cockroaches (D:1)
  2 goblins (D:2)
  9 hobgoblins
  2 jackals (D:1)
  6 bats
  5 frilled lizards
  5 kobolds
  A rat (D:1)
51 creatures vanquished.

Vanquished Creatures (others)
  2 plants (D:2)
2 creatures vanquished.

Grand Total: 53 creatures vanquished

Table legend: (Time is in decaauts)
 A = Elapsed time spent in this place.
 B = Non-inter-level travel time spent in this place.
 C = Inter-level travel time spent in this place.
 D = Time resting spent in this place.
 E = Time spent auto-exploring this place.
 F = Levels seen in this place.
 G = Mean time per level.
                   A        B        C        D        E       F      G
               +--------+--------+--------+--------+--------+-----+--------+
         Total |   3014 |   2927 |     87 |    625 |   1824 |   3 | 1004.7 |
       Dungeon |   3014 |   2927 |     87 |    625 |   1824 |   3 | 1004.7 |
               +--------+--------+--------+--------+--------+-----+--------+

Top non-repeatable levels by time:
     D:2: 1423 daAuts
     D:1: 1189 daAuts
     D:3: 402 daAuts

Table legend:
 A = Non-vault XP
 B = Vault XP
 C = Vault XP percentage of total XP
 D = Non-vault monster count
 E = Vault monster count
 F = Vault count percentage of total count
                 A         B        C        D         E       F
            +---------+---------+-------+---------+---------+-------
      Total |     191 |      23 |  10.7 |      45 |       6 |  11.8
            +---------+---------+-------+---------+---------+-------
        D:1 |      42 |       0 |   0.0 |      22 |       0 |   0.0
        D:2 |      84 |      23 |  21.5 |      17 |       6 |  26.1
        D:3 |      65 |       0 |   0.0 |       6 |       0 |   0.0
            +---------+---------+-------+---------+---------+-------
